 Dungeon Crawl Stone Soup version 0.30-a0-755-g0b50240ab4 (webtiles) character file.

Game seed: 8664029887967150092

9 M4edhros the Charlatan (level 2, 0/18 HPs)
             Began as an Octopode Artificer on Feb 9, 2023.
             Succumbed to an adder's poison
             ... on level 2 of the Dungeon.
             The game lasted 00:00:17 (63 turns).

M4edhros the Charlatan (Octopode Artificer)           Turns: 63, Time: 00:00:17

Health: 0/18       AC:  1    Str: 11    XL:     2   Next: 16%
Magic:  2/2        EV: 13    Int: 13    God:
Gold:   10         SH:  0    Dex: 12    Spells: 1/1 levels left

rFire   . . .      SeeInvis .    (no weapon)
rCold   . . .      Faith    .    (no shield)
rNeg    . . .      Spirit   .    (helmet restricted)
rPois   .          Reflect  .    (no amulet)
rElec   .          Harm     .    (no ring)
rCorr   .          Rampage  .    (no ring)
Will    .....                    (no ring)
Stlth   +++                      (no ring)
HPRegen 0.23/turn                (no ring)
MPRegen 0.08/turn                (no ring)
                                 (no ring)
                                 (no ring)

@: lethally poisoned (0 -> -4)
A: almost no armour, amphibious, 8 rings, camouflage 1, gelatinous body 1,
(nimble swimmer 1), tentacles
a: no special abilities


You were on level 2 of the Dungeon.
You visited 1 branch of the dungeon, and saw 2 of its levels.

You collected 10 gold pieces.

Inventory:

Wands
 b - a wand of flame (15) (quivered)
 c - a wand of charming (15)
 d - a wand of iceblast (5)
Scrolls
 e - a scroll of immolation {unknown}


   Skills:
 - Level 1.0 Fighting
 - Level 2.3 Dodging
 - Level 1.3 Stealth
 + Level 4.0 Evocations


You had one spell level left.
You didn't know any spells.
Your spell library was empty.

Dungeon Overview and Level Annotations

Branches:
Dungeon (1/15)

Altars:


Innate Abilities, Weirdness & Mutations

You cannot wear most types of armour.
You are amphibious.
You can wear up to eight rings at the same time.
Your skin changes colour to match your surroundings (Stealth+).
Your rubbery body absorbs attacks. (AC +1, EV +1)
((You are camouflaged when in or above water. (Stealth+)))
You have tentacles for arms and can constrict up to eight enemies at once.


Message History

A rat is nearby!
An adder and a rat come into view.
There are monsters nearby!
Found a purple potion.
Found a stone staircase leading down.
The rat barely misses you.
You hit the rat.
You kill the rat!
You are now empty-tentacled.
You drop a +0 club.
The adder misses you.
You barely miss the adder. You grab the adder. You squeeze the adder!
The adder is severely wounded.
You constrict the adder, but do no damage.
The adder bites you. The adder barely misses you.
You tentacle-slap the adder but do no damage.
You squeeze the adder, but do no damage.
The adder is severely wounded.
You constrict the adder. The adder bites you.
You are poisoned.
The adder poisons you!
You tentacle-slap the adder but do no damage.
The adder is severely wounded.
You constrict the adder.
You feel sick. The adder bites you.
* * * LOW HITPOINT WARNING * * *
You are more poisoned.
The adder poisons you!
You are too injured to fight recklessly!
You are too injured to fight recklessly!
You are too injured to fight recklessly!
You are too injured to fight recklessly!
You are too injured to fight recklessly!
You are too injured to fight recklessly!
You tentacle-slap the adder.
You kill the adder!
* * * LOW HITPOINT WARNING * * *
You feel sick.
Your Evocations skill increases to level 4!
You have reached level 2!
You aren't carrying any potions.
* * * LOW HITPOINT WARNING * * *
You feel sick.
You die...

######### #.>.....#
#.......#
#...[...############
#......r............
#...................
#......).##########.
#......†.#
#.......@#
#.......!#
#........#
########.# ..# ..#
..# ...#


You could see a rat.

Vanquished Creatures
  An adder (D:2)
  A rat (D:2)
2 creatures vanquished.

Notes
Turn   | Place    | Note
-------+----------+-------------------------------------------
     0 | D:1      | M4edhros the Octopode Artificer began the quest for the
                  | Orb.
     0 | D:1      | Reached XP level 1. HP: 13/13 MP: 1/1
    50 | D:1      | You fall into a shaft and drop 1 floor!
    62 | D:2      | Reached skill level 4 in Evocations
    62 | D:2      | Reached XP level 2. HP: 2/18 MP: 2/2
    63 | D:2      | Succumbed to an adder's poison

Illustrated notes

Levels and vault maps discovered:
D:1:      noname_arrival_rooms_in_the_neighbourhood, layout_basic, serial_shops,
          nicolae_shop_trees
D:2:      layout_rooms, basic_altar, minivault_5

Skill      XL: |  1 |
---------------+----+-----
Evocations     | 4 |  4.0
Fighting       | |  1.0
Dodging        | |  2.3
Stealth        | |  1.3

Action                     || total
---------------------------++-------
  Melee: Unarmed           ||     4
         Club              ||     2
         Tentacles         ||     2
         Constrict         ||     1
 Armour: Skin              ||     1
  Dodge: Dodged            ||     4

Table legend: (Time is in decaauts)
 A = Elapsed time spent in this place.
 B = Non-inter-level travel time spent in this place.
 C = Inter-level travel time spent in this place.
 D = Time resting spent in this place.
 E = Time spent auto-exploring this place.
 F = Levels seen in this place.
 G = Mean time per level.
                   A        B        C        D        E       F      G
               +--------+--------+--------+--------+--------+-----+--------+
         Total |     63 |     63 |      0 |      0 |     44 |   2 |   31.5 |
       Dungeon |     63 |     63 |      0 |      0 |     44 |   2 |   31.5 |
               +--------+--------+--------+--------+--------+-----+--------+

Top non-repeatable levels by time:
     D:1: 50 daAuts
     D:2: 13 daAuts
